 Dungeon Crawl Stone Soup version 0.28-a0-1190-g77e1c55843 (webtiles) character file.

Game seed: 11916949559226565080

92419 Lavandula the Wrestler (level 14, -10/126 HPs)
             Began as a Formicid Transmuter on Dec 18, 2021.
             Was an Elder of Jiyva.
             Mangled by a ghoul (25 damage)
             ... on level 2 of the Swamp.
             The game lasted 01:09:29 (27755 turns).

Lavandula the Wrestler (Formicid Transmuter)       Turns: 27755, Time: 01:09:29

Health: -10/126    AC:  7    Str: 15    XL:     14   Next: 53%
Magic:  28/28      EV: 13    Int: 18    God:    Jiyva [****..]
Gold:   54         SH:  0    Dex: 11    Spells: 16/28 levels left

rFire   . . .      SeeInvis .     - Unarmed
rCold   + + +      Faith    .   (shield unavailable)
rNeg    + . .      Spirit   .   (armour currently unavailable)
rPois   +          Reflect  .   (helmet unavailable)
rElec   +          Harm     .   (cloak currently unavailable)
rCorr   +          Rampage  .   (gloves currently unavailable)
Will    +....                   (boots currently unavailable)
Stlth   +++.......              Y - amulet "Caomuif" {rElec rC+ rN+ Regen+}
HPRegen 2.39/turn               (ring unavailable)
MPRegen 0.61/turn               k - ring of fire

@: ice-form, wereblooded
A: freezing attack, amphibious, boosted hp, permanent stasis, dig shafts and
tunnels, large, (antennae 3), missing a hand, inability to train armour, no
conjurations magic, no fire magic, no hexes magic, inexperienced 1, four strong
arms, high mp 1, passive freeze, sense surroundings 1, (shaggy fur 3)
a: End Transformation, Renounce Religion, Oozemancy, Slimify


You were on level 2 of the Swamp.
You worshipped Jiyva.
Jiyva was greatly pleased with you.
You were a creature of crystalline ice.
You visited 5 branches of the dungeon, and saw 23 of its levels.
You also visited: Gauntlet.

You collected 2034 gold pieces.
You spent 1980 gold pieces at shops.

Inventory:

Hand Weapons
 C - a +2 quarterstaff of chaos
Missiles
 d - 10 silver javelins (quivered)
 n - 72 poisoned darts
 o - 5 atropa-tipped darts
 L - 3 curare-tipped darts
Armour
 g - a +2 pair of gloves (melded)
 x - a +3 troll leather armour (melded) {Snorg}
 y - a +1 pair of boots of flying (melded)
 z - a +2 robe of willpower
 D - +0 steam dragon scales
 M - a +2 cloak of stealth (melded)
 Z - the +1 leather armour of Levity {Drain Str+7}
   (You bought it in a shop on level 2 of the Orcish Mines)

   Str:       It affects your strength (+7).
   Drain:     It drains your maximum health when unequipped.
Jewellery
 k - a ring of fire (right front paw)
 w - an amulet of the acrobat
 F - the ring of the Everdark {rN+ Int+4 SInv}
   (You found it on level 8 of the Dungeon)

   [ring of see invisible]

   Int:       It affects your intelligence (+4).
   rN:        It protects you from negative energy.
   SInv:      It lets you see invisible.
 N - the ring of the Zebra {*Slow rPois Str+6 Dex+6}
   (You found it in a Gauntlet)

   [ring of dexterity]

   Str:       It affects your strength (+6).
   Dex:       It affects your dexterity (+6).
   rPois:     It protects you from poison.
   *Slow:     It may slow you when you take damage.
 P - a +4 ring of slaying
 Q - a ring of see invisible
 V - a ring of poison resistance
 Y - the amulet "Caomuif" (around neck) {rElec rC+ rN+ Regen+}
   (You acquired it on level 2 of the Orcish Mines)

   [amulet of regeneration]

   rC:        It protects you from cold.
   rElec:     It insulates you from electricity.
   rN:        It protects you from negative energy.
   Regen:     It increases your rate of health regeneration.
Wands
 a - a wand of polymorph (12)
 e - a wand of flame (20)
 r - a wand of mindburst (9)
 A - a wand of acid (1)
 E - a wand of paralysis (6)
 J - a wand of iceblast (4)
 K - a wand of digging (6)
 W - a wand of charming (9)
Scrolls
 c - 2 scrolls of amnesia {unknown}
 f - a scroll of fear {unknown}
 i - 4 scrolls of fog
 q - 2 scrolls of immolation
 s - 5 scrolls of magic mapping
 t - 5 scrolls of enchant weapon {unknown}
 u - a scroll of torment {unknown}
 B - 6 scrolls of vulnerability
 G - a scroll of silence
 O - a scroll of holy word
Potions
 b - 4 potions of mutation
 h - 3 potions of flight
 j - 2 potions of cancellation
 l - 3 potions of brilliance {unknown}
 m - 5 potions of curing
 p - 2 potions of invisibility
 v - a potion of berserk rage {unknown}
 H - 2 potions of attraction {unknown}
 I - 2 potions of ambrosia {unknown}
 U - 2 potions of magic {unknown}
Miscellaneous
 R - a condenser vane (inert)
 S - a lightning rod (4/4)
 T - a phial of floods


   Skills:
 - Level 8.3 Fighting
 + Level 11.6 Dodging
 - Level 5.0 Stealth
 - Level 21.4 Unarmed Combat
 - Level 7.9 Spellcasting
 - Level 5.0 Transmutations
 - Level 3.0 Ice Magic
 - Level 3.0 Poison Magic
 - Level 4.7 Evocations


You had 16 spell levels left.
You knew the following spells:

 Your Spells              Type           Power      Damage    Failure   Level
a - Beastly Appendage     Tmut           50%        N/A       1%          1
b - Wereblood             Tmut           25%        N/A       1%          2
c - Spider Form           Tmut/Pois      21%        N/A       6%          3
d - Ice Form              Ice/Tmut       21%        N/A       19%         4
f - Summon Small Mammal   Summ           28%        N/A       10%         1
g - Apportation           Tloc           14%        N/A       10%         1

Your spell library contained the following spells:

 Spells                   Type           Power      Damage    Failure   Level
 Passwall                 Tmut/Erth      13%        N/A       5%          2
 Animate Skeleton         Necr           14%        N/A       10%         1
 Sandblast                Erth           14%        2d6       10%         1
 Corpse Rot               Necr/Air       14%        N/A       16%         2
 Shatter                  Erth           3%         3d7*      100%        9
 Shock                    Conj/Air       Unusable   1d4       N/A         1
 Stone Arrow              Conj/Erth      Unusable   3d7       N/A         3
 Lightning Bolt           Conj/Air       Unusable   1d15      N/A         5
 Conjure Ball Lightning   Conj/Air       Unusable   3x3d6     N/A         6
 Chain Lightning          Conj/Air       Unusable   3d4       N/A         9
 Fire Storm               Conj/Fire      Unusable   8d1       N/A         9

Dungeon Overview and Level Annotations

Branches:
Dungeon (12/15)            Temple (1/1) D:4            Lair (6/6) D:11
  Swamp (2/4) Lair:4        Snake (0/4) Lair:4        Slime (0/5) Lair:6
    Orc (2/2) D:10            Elf (0/3) Orc:2       Gauntlet (visited)

Altars:
Cheibriados
Dithmenos
Elyvilon
Fedhas
Gozag
Hepliaklqana
Kikubaaqudgha
Makhleb
Nemelex Xobeh
Okawaru
Qazlal
Ru
Sif Muna
Trog
Uskayaw
Vehumet
Wu Jian
Xom
Yredelemnul
Zin
The Shining One
Jiyva

Shops:
D:1 *   Orc:2 **[=*

Annotations:
D:12 Jorgrun


Innate Abilities, Weirdness & Mutations

You are a creature of crystalline ice.
You have a powerful freezing melee attack.
You are amphibious.
Your maximum health is increased.
Your armour is entirely melded.
You are incapable of wielding weapons or throwing items.
You cannot be hasted, slowed, berserked, paralysed or teleported.
You can dig through walls and to a lower floor.
((You have a pair of large antennae on your head. (SInv)))
You are missing a hand.
You cannot train Armour skill.
You cannot study or cast Conjurations magic.
You cannot study or cast Fire magic.
You cannot study or cast Hexes magic.
You are somewhat inexperienced. (-2 XL)
Your four strong arms can wield two-handed weapons with a shield.
You have an increased reservoir of magic. (+10% MP)
A frigid envelope surrounds you and freezes all who hurt you.
You passively map a small area around you.
((Your thick and shaggy fur keeps you warm. (AC +3, rC+)))


Message History

Unknown command.
You squash the bog body like an ant!!!
You freeze the bog body.
You feel a bit better.
You destroy the bog body!
The bog body is engulfed in blazing flames.
The bog body gestures at you while chanting.
Your stasis prevents you from being slowed.
The ghoul claws you! The ghoul claws you!!
The ghoul resists.
The ghoul is very cold.
The ghoul is moderately damaged.
You hit the ghoul.
The ghoul is moderately damaged.
The bog body is engulfed in blazing flames.
Unknown command.
You punch the ghoul! You freeze the ghoul.
The ghoul is heavily damaged.
The ghoul claws you.
The ghoul resists.
The ghoul is very cold.
The ghoul is heavily damaged.
The ghoul claws you!
The ghoul resists.
The ghoul is very cold.
The ghoul is heavily damaged.
Unknown command.
You punch the ghoul! You freeze the ghoul.
The ghoul is heavily damaged.
The bog body touches you. The bog body freezes you. You resist.
The bog body resists.
The bog body is very cold.
The bog body is almost destroyed.
Unknown command.
You punch the ghoul!
The ghoul is severely damaged.
The ghoul claws you!!
* * * LOW HITPOINT WARNING * * *
The ghoul resists.
The ghoul is very cold.
The ghoul is severely damaged.
The ghoul claws you!!
* * * LOW HITPOINT WARNING * * *
You feel better.
The bog body gestures at you while chanting.
The bolt of cold misses you.
The ghoul splashes around in the water.
The ghoul claws you!!
You die...

* .♣ ♣.♣ .♣♣♣♣≈♣
≈♣ * *.≈.♣§♣ ♣≈♣
≈≈(.♣ (≈♣ * ,
*§..♣♣..♣
.≈≈.≈≈♣ { ♣
♣≈n.≈♣♣ .♣
♣Y†.≈≈♣ ≈.♣ *
♣♣n§§♣♣♣♣♣..♣
♣♣§§○§♣.♣.$♣
♣♣.§§§§§≈..)♣
♣?.°§§§.§≈≈.♣♣
*,
*♣♣.§§§§§..≈..♣
♣..§§§§§≈.≈.§≈♣
≈ *
♣≈n..§○§≈.≈.♣[≈
*
≈.≈§....F≈...≈≈n
≈


You could see a ghoul and a bog body.

Vanquished Creatures
  Gastronok (D:8)
  2 ghouls
  2 orc warlords
  Nessos (Lair:4)
  2 eleionomae (Swamp:1)
  A minotaur (Gauntlet)
  Snorg (Lair:4)
  A fire dragon (Lair:6)
  A boulder beetle (D:12)
  8 hydras
  2 ghost crabs
  A centaur warrior (D:8)
  5 two-headed ogres
  2 alligators (Swamp:1)
  A tengu warrior (D:10)
  5 death yaks (Lair:6)
  An orc high priest (Orc:2)
  A deep elf knight (Orc:2)
  Sonja (Lair:3)
  2 goliath frogs
  A spriggan druid (Swamp:1)
  A swamp dragon (Lair:6)
  3 bog bodies
  An orc knight (Orc:2)
  A necromancer (Gauntlet)
  4 deep elf pyromancers
  A lindwurm (Lair:6)
  An orc sorcerer (Orc:1)
  2 deep elf zephyrmancers
  3 cyclopes
  An ugly thing (D:10)
  2 manticores
  17 elephants
  A wolf spider (Lair:6)
  7 black mambas (Lair:6)
  Joseph (D:8)
  A guardian serpent (Lair:6)
  2 torpor snails (Lair:6)
  20 cane toads
  2 gargoyles
  9 komodo dragons
  4 rime drakes
  7 trolls
  4 tyrant leeches
  Prince Ribbit (D:6)
  A raiju (Gauntlet)
  12 blink frogs
  4 hornets
  17 dream sheep
  2 redbacks (Lair:6)
  2 spriggans (Swamp:1)
  66 yaks
  A vampire (D:9)
  13 wyverns
  8 basilisks
  4 wraiths
  5 steam dragons
  Grum (Lair:1)
  4 vampire mosquitoes
  4 nagas (Lair:4)
  6 wargs
  9 swamp worms
  Duvessa (D:6)
  21 water moccasins
  5 swamp drakes
  30 orc warriors
  An ice beast (D:7)
  5 black bears
  2 necrophages (D:5)
  14 centaurs
  4 ogres
  11 wolves
  A phantom (D:4)
  2 kobold brigands
  14 bullfrogs
  3 gnoll sergeants
  2 scorpions
  A water moccasin zombie (D:6)
  2 water moccasin skeletons
  Dowan (D:6)
  22 wights
  An electric eel (Lair:1)
  A howler monkey (D:11)
  A vampire bat (Orc:1)
  4 centaur zombies
  A crimson imp (Orc:1)
  A bullfrog zombie (D:6)
  An iron imp (Orc:1)
  A gnoll shaman (D:5)
  A hound (D:5)
  4 jellies
  Crazy Yiuf (D:3)
  14 orc priests
  A bullfrog skeleton (D:4)
  8 hell rats
  3 iguanas (Lair:6)
  2 scorpion zombies (D:5)
  27 orc wizards
  3 hound skeletons
  2 howler monkey zombies
  A howler monkey skeleton (D:7)
  21 gnolls
  11 adders
  2 shadow imps
  A white imp (D:5)
  An ufetubus (D:4)
  An adder skeleton (D:4)
  3 worms
  A dart slug (D:1)
  80 orcs
  3 ball pythons (D:1)
  10 bats
  5 endoplasms
  2 giant cockroaches (D:1)
  8 goblins
  6 hobgoblins
  2 jackals
  13 kobolds
  3 quokkas
  4 frilled lizards
  6 rats
700 creatures vanquished.

Vanquished Creatures (others)
  A hydra (Lair:1)
  An orc knight (Orc:2)
  An orc sorcerer (Orc:2)
  An elephant (Lair:4)
  A black mamba (Lair:1)
  A polar bear (Lair:6)
  2 bloated husks (Swamp:1)
  A vampire mosquito (D:8)
  7 orc warriors (Orc:2)
  5 centaurs (Orc:2)
  2 wights (D:8)
  67 jellies
  2 orc priests (Orc:2)
  An iguana (Lair:6)
  An orc wizard (Orc:1)
  A white imp (Orc:1)
  9 orcs
  A bush (Lair:6)
  A demonic plant (Gauntlet)
  70 fungi
  118 plants
  4 withered plants (Gauntlet)
298 creatures vanquished.

Grand Total: 998 creatures vanquished

Notes
Turn   | Place    | Note
-------+----------+-------------------------------------------
     0 | D:1      | Lavandula the Formicid Transmuter began the quest for the
                  | Orb.
     0 | D:1      | Reached XP level 1. HP: 15/15 MP: 3/3
   165 | D:1      | Reached XP level 2. HP: 15/21 MP: 3/5
   168 | D:1      | Learned a level 2 spell: Wereblood
   502 | D:1      | Found Bodwots's General Store.
   575 | D:1      | Reached XP level 3. HP: 23/26 MP: 6/6
   579 | D:1      | Learned a level 3 spell: Spider Form
   714 | D:1      | Reached skill level 1 in Poison Magic
  1225 | D:2      | Reached XP level 4. HP: 32/32 MP: 5/7
  1520 | D:3      | Found a runed translucent door.
  1521 | D:3      | Noticed Crazy Yiuf
  1602 | D:3      | Found an ornate altar of the Wu Jian Council.
  2076 | D:3      | Reached skill level 4 in Unarmed Combat
  2076 | D:3      | Reached XP level 5. HP: 37/37 MP: 4/8
  2591 | D:3      | Found a faded altar of an unknown god.
  2836 | D:4      | Noticed a phantom
  2846 | D:4      | Killed a phantom
  2847 | D:4      | Reached skill level 5 in Unarmed Combat
  2847 | D:4      | Reached XP level 6. HP: 43/43 MP: 6/9
  3126 | D:4      | Found a hazy altar of Hepliaklqana.
  3217 | D:4      | Found a staircase to the Ecumenical Temple.
  3290 | Temple   | Entered the Ecumenical Temple
  3409 | Temple   | Became a worshipper of Ru the Awakened
  3823 | D:4      | Reached skill level 6 in Unarmed Combat
  4002 | D:4      | Reached XP level 7. HP: 39/48 MP: 10/10
  4133 | D:4      | Found an ancient bone altar of Kikubaaqudgha.
  4133 | D:4      | Found a burning altar of Makhleb.
  4170 | D:5      | Entered Level 5 of the Dungeon
  4403 | D:5      | Learned a level 4 spell: Ice Form
  4495 | D:5      | Reached skill level 1 in Ice Magic
  4819 | D:5      | HP: 1/48 [gnoll shaman (8)]
  5243 | D:5      | Reached XP level 8. HP: 47/54 MP: 8/11
  5278 | D:5      | Found a hide-covered altar of Uskayaw.
  5678 | D:5      | Reached skill level 5 in Transmutations
  5984 | D:6      | Noticed Dowan
  5988 | D:6      | Noticed Duvessa
  5996 | D:6      | Killed Duvessa
  6015 | D:6      | Killed Dowan
  6235 | D:6      | Gained mutation: You are missing a hand. [Ru sacrifice]
  6235 | D:6      | Reached * piety under Ru
  6235 | D:6      | Reached ** piety under Ru
  6235 | D:6      | Reached *** piety under Ru
  6346 | D:6      | Reached skill level 7 in Unarmed Combat
  6383 | D:6      | Found a white marble altar of Elyvilon.
  6498 | D:6      | Got the Incunabulum of Flight
  6856 | D:6      | Reached skill level 8 in Unarmed Combat
  6938 | D:6      | Found a blossoming altar of Fedhas.
  6959 | D:6      | Noticed Prince Ribbit
  6974 | D:6      | Killed Prince Ribbit
  6975 | D:6      | Reached XP level 9. HP: 28/59 MP: 9/12
  6977 | D:6      | Learned a level 1 spell: Apportation
  7310 | D:7      | Reached skill level 9 in Unarmed Combat
  7365 | D:7      | Found a snail-covered altar of Cheibriados.
  7932 | D:7      | Noticed a two-headed ogre
  7988 | D:7      | Killed a two-headed ogre
  7989 | D:7      | Reached skill level 10 in Unarmed Combat
  8433 | D:8      | Noticed a centaur warrior
  8477 | D:8      | Noticed a deep elf pyromancer
  8494 | D:8      | Killed a deep elf pyromancer
  8495 | D:8      | Reached XP level 10. HP: 31/68 MP: 9/13
  8599 | D:8      | Reached skill level 1 in Stealth
  9142 | D:8      | Noticed Joseph
  9157 | D:8      | Killed Joseph
  9158 | D:8      | Reached skill level 5 in Stealth
  9644 | D:3      | Killed Crazy Yiuf
 10026 | D:8      | Reached skill level 5 in Fighting
 10219 | D:8      | Gained mutation: You cannot study or cast Fire magic. [Ru
                  | sacrifice]
 10219 | D:8      | Gained mutation: You cannot study or cast Hexes magic. [Ru
                  | sacrifice]
 10219 | D:8      | Gained mutation: You cannot study or cast Conjurations
                  | magic. [Ru sacrifice]
 10219 | D:8      | Reached **** piety under Ru
 10298 | D:8      | Killed a centaur warrior
 10307 | D:8      | Identified the ring of the Everdark {rN+ Int+4 SInv}
 10689 | D:8      | Reached skill level 5 in Spellcasting
 10930 | D:8      | Reached XP level 11. HP: 70/79 MP: 12/19
 11047 | D:8      | Found a shimmering blue altar of Sif Muna.
 11068 | D:8      | Noticed Gastronok
 11099 | D:8      | Killed Gastronok
 11701 | D:9      | Reached skill level 11 in Unarmed Combat
 12107 | D:9      | Found an iron altar of Okawaru.
 12669 | D:10     | Entered Level 10 of the Dungeon
 12680 | D:10     | Noticed a tengu warrior
 12689 | D:10     | Killed a tengu warrior
 12690 | D:10     | Reached skill level 12 in Unarmed Combat
 12830 | D:10     | Noticed a red ugly thing
 12853 | D:10     | Killed a red ugly thing
 12897 | D:10     | Noticed a two-headed ogre
 12917 | D:10     | Killed a two-headed ogre
 13108 | D:10     | Found the +8 longbow "Zephyr" {speed, Dex+3 SInv}
 13109 | D:10     | Found a radiant altar of Vehumet.
 13305 | D:10     | Found a staircase to the Orcish Mines.
 13478 | D:10     | Gained mutation: You are somewhat inexperienced. (-2 XL)
                  | [Ru sacrifice]
 13478 | D:10     | Reached XP level 10. HP: 74/74 MP: 21/21
 13478 | D:10     | Reached XP level 9. HP: 68/68 MP: 20/20
 13478 | D:10     | Reached ***** piety under Ru
 13519 | D:10     | Found a shimmering altar of Xom.
 13681 | D:10     | Reached skill level 13 in Unarmed Combat
 14213 | D:11     | Found a staircase to the Lair.
 14221 | D:11     | Reached XP level 10. HP: 74/74 MP: 17/21
 14763 | D:11     | Reached skill level 14 in Unarmed Combat
 15404 | Lair:1   | Entered Level 1 of the Lair of Beasts
 15456 | Lair:1   | Noticed Grum
 15617 | Lair:1   | Killed Grum
 15765 | Lair:1   | Identified a scroll of acquirement
 15767 | Lair:1   | Acquired a +0 pair of boots of flying
 15780 | Lair:1   | Noticed a six-headed hydra
 15788 | Lair:1   | Killed a six-headed hydra
 15789 | Lair:1   | Reached skill level 15 in Unarmed Combat
 16336 | Lair:1   | Noticed an eight-headed hydra
 16391 | Lair:1   | Killed an eight-headed hydra
 16492 | Lair:1   | Gained mutation: You cannot train Armour skill. [Ru
                  | sacrifice]
 16492 | Lair:1   | Reached ****** piety under Ru
 16626 | Lair:1   | Noticed an eight-headed hydra
 16631 | Lair:1   | Killed an eight-headed hydra
 17215 | Lair:2   | Reached skill level 16 in Unarmed Combat
 17323 | Lair:2   | Reached XP level 11. HP: 79/79 MP: 17/22
 17590 | Lair:2   | Noticed a four-headed hydra
 17608 | Lair:2   | Killed a four-headed hydra
 18100 | Lair:2   | Reached skill level 17 in Unarmed Combat
 18987 | Lair:3   | You are sucked into a shaft and drop 1 floor!
 19002 | Lair:3   | Noticed Sonja
 19011 | Lair:3   | Killed Sonja
 19630 | Lair:4   | Reached skill level 18 in Unarmed Combat
 19756 | Lair:4   | Found a staircase to the Swamp.
 20021 | Lair:4   | Noticed Nessos
 20036 | Lair:4   | Killed Nessos
 20037 | Lair:4   | Reached XP level 12. HP: 45/86 MP: 17/23
 20228 | Lair:4   | Reached skill level 19 in Unarmed Combat
 20245 | Lair:4   | Noticed Snorg
 20266 | Lair:4   | Killed Snorg
 20354 | Lair:4   | Found a staircase to the Snake Pit.
 20915 | Lair:5   | Found a gate leading to a gauntlet.
 20926 | Gauntlet | Entered a Gauntlet
 20926 | Gauntlet | Found a transporter.
 20929 | Gauntlet | Found a transporter.
 20933 | Gauntlet | Found a transporter.
 20938 | Gauntlet | Found a transporter.
 20942 | Gauntlet | Found a transporter.
 20946 | Gauntlet | Found a transporter.
 20951 | Gauntlet | Found a transporter.
 20954 | Gauntlet | Found a transporter.
 20958 | Gauntlet | Found a transporter.
 20963 | Gauntlet | Found a transporter.
 20970 | Gauntlet | Found a transporter.
 20970 | Gauntlet | Found a transporter.
 20974 | Gauntlet | Found a runed translucent door.
 20974 | Gauntlet | Found a runed translucent door.
 20975 | Gauntlet | Found a transporter.
 20975 | Gauntlet | Found a runed translucent door.
 20978 | Gauntlet | Found a transporter.
 21085 | Gauntlet | Learned a level 1 spell: Summon Small Mammal
 21298 | Gauntlet | Identified the ring of the Zebra {*Slow rPois Str+6 Dex+6}
 21312 | Gauntlet | Identified the +4 great sword "Xuinygag" {drain, Int+3}
 21312 | Gauntlet | Noticed a minotaur
 21315 | Gauntlet | Killed a minotaur
 21379 | Lair:5   | Reached skill level 5 in Dodging
 21937 | Lair:6   | Entered Level 6 of the Lair of Beasts
 22274 | Lair:6   | Reached XP level 13. HP: 71/98 MP: 20/24
 22776 | Lair:6   | Reached skill level 20 in Unarmed Combat
 23367 | Lair:6   | Reached skill level 21 in Unarmed Combat
 23528 | Lair:6   | Found a viscous altar of Jiyva.
 23528 | Lair:6   | Found a staircase to the Slime Pits.
 23536 | Lair:6   | Fell from the grace of Ru
 23536 | Lair:6   | Became a worshipper of Jiyva Jittue the Shapeless
 24213 | Orc:1    | Entered Level 1 of the Orcish Mines
 24340 | Orc:1    | Reached * piety under Jiyva
 24707 | Orc:1    | Noticed an orc warlord
 24781 | Orc:1    | Killed an orc warlord
 24989 | Orc:2    | Entered Level 2 of the Orcish Mines
 25060 | Orc:2    | Found a staircase to the Elven Halls.
 25622 | Orc:2    | Identified the +5 chain mail of the Tarantula {Str+2}
 25622 | Orc:2    | Noticed an orc warlord
 25668 | Orc:2    | Was placed under penance by Jiyva
 25698 | Orc:2    | Killed an orc warlord
 25699 | Orc:2    | Reached XP level 14. HP: 105/105 MP: 23/25
 25803 | Orc:1    | Was forgiven by Jiyva
 25974 | Orc:2    | Found Qiex's Jewellery Shoppe.
 25974 | Orc:2    | Found Baimmir's Antique Armour Shop.
 25976 | Orc:2    | Found Vuximef's Assorted Antiques.
 25978 | Orc:2    | Found Bifa Vuff's Assorted Antiques.
 25984 | Orc:2    | Bought a potion of lignification for 96 gold pieces
 25994 | Orc:2    | Bought a scroll of acquirement for 1664 gold pieces
 25994 | Orc:2    | Acquired the amulet "Caomuif" {rElec rC+ rN+ Regen+}
 26009 | Orc:2    | Bought a bloodstained leather armour for 196 gold pieces
 26009 | Orc:2    | Identified the +1 leather armour of Levity {Drain Str+7}
                  | (You bought it in a shop on level 2 of the Orcish Mines)
 26040 | Orc:2    | Reached ** piety under Jiyva
 26066 | Orc:2    | Found Tiovud's General Store.
 26074 | Orc:2    | Bought a scroll of fog for 24 gold pieces
 26675 | D:12     | Gained mutation: You sometimes lose the ability to read
                  | scrolls when taking damage. [potion of mutation]
 26675 | D:12     | Gained mutation: You are frail. (-10% HP) [potion of
                  | mutation]
 26676 | D:12     | Lost mutation: You are frail. (-10% HP) [potion of
                  | mutation]
 26676 | D:12     | Lost mutation: You sometimes lose the ability to read
                  | scrolls when taking damage. [potion of mutation]
 26676 | D:12     | Gained mutation: You are partially covered in iridescent
                  | scales. (AC +2) [potion of mutation]
 26676 | D:12     | Gained mutation: You have an increased reservoir of magic.
                  | (+10% MP) [potion of mutation]
 26676 | D:12     | Gained mutation: A frigid envelope surrounds you and
                  | freezes all who hurt you. [potion of mutation]
 26741 | D:12     | Reached skill level 10 in Dodging
 26786 | D:12     | Reached *** piety under Jiyva
 26907 | D:12     | Noticed Jorgrun
 27072 | Swamp:1  | Entered Level 1 of the Swamp
 27263 | Swamp:1  | You are sucked into a shaft and drop 1 floor!
 27263 | Swamp:2  | Found an ancient bone altar of Kikubaaqudgha.
 27450 | Swamp:1  | Lost mutation: You are partially covered in iridescent
                  | scales. (AC +2) [Jiyva's grace]
 27450 | Swamp:1  | Gained mutation: You are covered in fur. (AC +1) [Jiyva's
                  | grace]
 27450 | Swamp:1  | Gained mutation: You are covered in thick fur. (AC +2)
                  | [Jiyva's grace]
 27450 | Swamp:1  | Gained mutation: Your thick and shaggy fur keeps you warm.
                  | (AC +3, rC+) [Jiyva's grace]
 27450 | Swamp:1  | Gained mutation: You passively map a small area around you.
                  | [Jiyva's grace]
 27553 | Swamp:2  | Reached **** piety under Jiyva
 27755 | Swamp:2  | Mangled by a ghoul

Illustrated notes

Levels and vault maps discovered:
D:1:      ncdulo_lavacross, layout_rooms, serial_shops, nicolae_shop_crystal
D:2:      layout_rooms
D:3:      layout_basic, mainiacjoe_overflow_concentric_impassable,
          basic_ecumenical_altar, uniq_crazy_yiuf_cottage
D:4:      layout_cave_pools, worldfamousw_hep_ancestral_shrine,
          gammafunk_temple_overflow_wave, minmay_temple_entry_statues_pillars
D:5:      layout_basic, nicolae_uskayaw_dance_hall,
          minmay_misc_feat_four_crosses, minmay_between
D:6:      layout_loops_corners, fedhas_altar_2, nicolae_overflow_hidden_temple,
          uniq_prince_ribbit1, uniq_duvessa
D:7:      layout_basic, old_standard_altar
D:8:      minmay_cut_squares, layout_basic, lemuel_blue_sif_altar,
          nicolae_grassy_gnolls, uniq_joseph, uniq_gastronok
D:9:      layout_gridville, kennysheep_mini_moat
D:10:     layout_basic, general_overflow_altar, mainiacjoe_overflow_chevrons,
          hiddenorc2_lemuel
D:11:     layout_loops_ring, due_lair_maze_entry_diamond
D:12:     layout_cave_pods, uniq_jorgrun
Temple:   nicolae_temple_figure_zero
Lair:1:   layout_chaotic_city, wad_woods_river_01, uniq_grum
Lair:2:   layout_cave_pods
Lair:3:   layout_loops_ring, serial_bayou_shore_a, uniq_sonja
Lair:4:   layout_big_grid, swamp_mist, minmay_snake_entry_guardpost_small,
          uniq_nessos, uniq_snorg
Lair:5:   layout_cave_shapes, gauntlet_entry_generic
Lair:6:   guppyfry_lair_end_dragon, layout_regular_city,
          hangedman_lair_tendril_chambers, dpeg_slime_entry_enclosed_altar,
          serial_bayou_pond_d
Swamp:1:  layout_basic_swamp, hangedman_swamp_cone, swamp_pool5
Swamp:2:  layout_falls_marsh, basic_altar
Orc:1:    layout_caves, roderic_batcave, hangedman_minor_magic
Orc:2:    st_orc_rangers, layout_caves, serial_shops, shop_statue, elf_legates

Skill      XL: |  1  2  3  4  5  6  7  8  9 10 11 12 13 14 |
---------------+-------------------------------------------+-----
Transmutations | 3 4 5 |  5.0
Poison Magic   | 3 |  3.0
Unarmed Combat | 4 5 6 8 13 16 18 19 21 | 21.4
Ice Magic      | 3 |  3.0
Dodging        | 4 8 9 11 | 11.6
Fighting       | 2 5 8 |  8.3
Evocations     | 4 |  4.7
Stealth        | 5 |  5.0
Spellcasting   | 5 7 |  7.9

Action                   |  1- 3 |  4- 6 |  7- 9 | 10-12 | 13-15 || total
-------------------------+-------+-------+-------+-------+-------++-------
Melee: Dagger            |    65 |    36 |       |       |       ||   101
       Unarmed           |    25 |    90 |   225 |   856 |   595 ||  1791
       Kick              |    15 |     5 |     4 |       |     4 ||    28
       Punch             |       |     1 |       |       |       ||     1
Throw: Dart              |       |     5 |       |     3 |     1 ||     9
       Javelin           |       |       |       |       |     2 ||     2
 Cast: Beastly Appendage |    17 |     3 |     2 |       |     3 ||    25
       Wereblood         |     2 |     2 |     6 |    52 |    18 ||    80
       Spider Form       |     3 |    13 |    23 |    25 |     6 ||    70
       Ice Form          |       |       |     7 |    70 |    47 ||   124
       Summon Small Mamm |       |       |       |     7 |     4 ||    11
Invok: Sacrifice a Hand  |       |       |     1 |       |       ||     1
       Draw Out Power    |       |       |     4 |    25 |     4 ||    33
       Sacrifice Experie |       |       |     1 |       |       ||     1
       Sacrifice Arcana  |       |       |       |     1 |       ||     1
       Sacrifice Durabil |       |       |       |     1 |       ||     1
       Apocalypse        |       |       |       |     2 |     1 ||     3
 Abil: Dig               |       |       |     1 |       |     1 ||     2
       End Transformatio |       |       |       |     7 |     4 ||    11
Evoke: Wand              |       |       |     3 |    15 |    11 ||    29
       Condenser vane    |       |       |       |     1 |     2 ||     3
       Lightning rod     |       |       |       |       |     4 ||     4
       Phial of floods   |       |       |       |       |     1 ||     1
  Use: Scroll            |       |     4 |     3 |    13 |     4 ||    24
       Potion            |       |       |     1 |     5 |     9 ||    15
 Stab: Sleeping          |     1 |       |     1 |     5 |     3 ||    10
       Invisible         |       |       |     1 |     9 |       ||    10
       Distracted        |       |       |     1 |     4 |     3 ||     8
       Paralysed         |       |       |       |    13 |    10 ||    23
       Confused          |       |       |       |       |     2 ||     2
       Petrified         |       |       |       |       |     1 ||     1
Armor: Robe              |    11 |    17 |     9 |     9 |       ||    46
       Skin              |     1 |     2 |    15 |   114 |    72 ||   204
       Troll leather arm |       |       |       |     2 |    33 ||    35
Dodge: Dodged            |    49 |    84 |   160 |   407 |   419 ||  1119

Table legend: (Time is in decaauts)
 A = Elapsed time spent in this place.
 B = Non-inter-level travel time spent in this place.
 C = Inter-level travel time spent in this place.
 D = Time resting spent in this place.
 E = Time spent auto-exploring this place.
 F = Levels seen in this place.
 G = Mean time per level.
                   A        B        C        D        E       F      G
               +--------+--------+--------+--------+--------+-----+--------+
         Total |  27265 |  26010 |   1255 |   2303 |  18220 |  24 | 1136.0 |
       Dungeon |  16029 |  15283 |    746 |   1234 |  11581 |  12 | 1335.8 |
        Temple |    140 |    130 |     10 |      0 |    121 |   1 |  140.0 |
          Lair |   8076 |   7663 |    413 |    596 |   5429 |   6 | 1346.0 |
         Swamp |    652 |    637 |     15 |    159 |    253 |   2 |  326.0 |
  Orcish Mines |   1964 |   1895 |     69 |    214 |    836 |   2 |  982.0 |
      Gauntlet |    402 |    402 |      0 |     99 |      0 |   1 |  402.0 |
               +--------+--------+--------+--------+--------+-----+--------+

Top non-repeatable levels by time:
     D:8: 2628 daAuts
     D:5: 1870 daAuts
  Lair:6: 1768 daAuts
    D:10: 1576 daAuts
  Lair:1: 1559 daAuts
     D:3: 1537 daAuts
    D:11: 1398 daAuts
  Lair:2: 1368 daAuts
     D:6: 1307 daAuts
  Lair:4: 1275 daAuts
     D:4: 1267 daAuts
     D:9: 1235 daAuts
  Lair:3: 1229 daAuts
     D:7: 1206 daAuts
   Orc:1: 1102 daAuts
